 Dungeon Crawl Stone Soup version 0.22.0-49-gab54619674 (webtiles) character file.

198 JedernureinKreuz the Conjurer (level 5, -1/37 HPs)
             Began as a Gnoll Conjurer on Sept 7, 2018.
             Slain by Crazy Yiuf
             ... wielding a +3 quarterstaff of chaos
              (17 damage)
             ... on level 3 of the Dungeon.
             The game lasted 00:12:23 (1956 turns).

JedernureinKreuz the Conjurer (Gnoll Conjurer)      Turns: 1956, Time: 00:12:24

Health: -1/37      AC:  5    Str: 13    XL:     5   Next: 77%
Magic:  1/12       EV: 14    Int: 18    God:
Gold:   134        SH:  0    Dex: 16    Spells: 6/14 levels left

rFire    . . .     SeeInvis .   d - +0 spear
rCold    . . .     Gourm    .   (no shield)
rNeg     . . .     Faith    .   l - +0 leather armour
rPois    .         Spirit   .   (no helmet)
rElec    .         Reflect  .   (no cloak)
rCorr    .         Harm     .   g - +1 pair of gloves {Str+3}
MR       .....                  (no boots)
Stlth    +++.......             (no amulet)
HPRegen  0.12/turn              (no ring)
MPRegen  0.13/turn              (no ring)

@: very slightly contaminated
A: distributed training, fangs 1, strong nose
a: no special abilities


You were on level 3 of the Dungeon.
You were hungry.

You visited 1 branch of the dungeon, and saw 3 of its levels.

You collected 134 gold pieces.

Inventory:

Hand Weapons
 d - a +0 spear (weapon)
 e - a +0 dagger
 q - a +0 hunting sling
 B - a +0 club
Missiles
 f - 114 stones (quivered)
 n - 30 arrows
 o - 6 needles of confusion
 t - 9 poisoned needles
 u - 4 tomahawks
Armour
 a - a +0 robe
 g - a +1 pair of gloves of strength (worn)
 l - a +0 leather armour (worn)
 y - a +0 pair of gloves
 A - a +0 pair of boots
Wands
 w - a wand of polymorph (14)
 D - a wand of clouds (5)
Scrolls
 h - a scroll of identify {unknown}
 i - 2 scrolls of enchant armour {unknown}
 j - a scroll of remove curse {unknown}
 k - 3 scrolls of enchant weapon {unknown}
 r - 3 scrolls of teleportation {unknown}
 s - a scroll of blinking {unknown}
 v - a scroll of fear {unknown}
 C - a scroll of magic mapping {unknown}
Potions
 b - a potion of invisibility {unknown}
 m - 2 potions of lignification {unknown}
 p - a potion of brilliance {unknown}
 x - a potion of agility {unknown}
 z - 2 potions of curing {unknown}
Comestibles
 c - 7 rations


   Skills:
 + Level 1.6 Fighting
 + Level 1.6 Short Blades
 + Level 1.6 Long Blades
 + Level 1.6 Axes
 + Level 1.6 Maces & Flails
 + Level 1.6 Polearms
 + Level 1.6 Staves
 + Level 1.6 Slings
 + Level 1.6 Bows
 + Level 1.6 Crossbows
 + Level 1.6 Throwing
 + Level 1.6 Armour
 + Level 4.8 Dodging
 + Level 4.4 Stealth
 + Level 1.6 Shields
 + Level 1.6 Unarmed Combat
 + Level 5.2 Spellcasting
 + Level 7.2 Conjurations
 + Level 1.2 Hexes
 + Level 1.2 Charms
 + Level 1.2 Summonings
 + Level 1.2 Necromancy
 + Level 1.2 Translocations
 + Level 1.2 Transmutations
 + Level 1.2 Fire Magic
 + Level 1.2 Ice Magic
 + Level 1.2 Air Magic
 + Level 1.2 Earth Magic
 + Level 1.2 Poison Magic
 + Level 1.8 Invocations
 + Level 1.6 Evocations


You had 6 spell levels left.
You knew the following spells:

 Your Spells              Type           Power        Failure   Level  Hunger
a - Magic Dart            Conj           ####         1%          1    None
b - Confuse               Hex            #.......     28%         3    ##.....
c - Iskenderun's Mystic   Conj           ####....     9%          4    ####...

Your spell library contained the following spells:

 Spells                   Type           Power        Failure   Level  Hunger
 Searing Ray              Conj           ####..       1%          2    #......
 Dazzling Spray           Conj/Hex       ###...       9%          3    ##.....
 Corona                   Hex            #......      10%         1    None
 Ensorcelled Hibernation  Hex/Ice        #.....       14%         2    #......
 Tukima's Dance           Hex            #.......     28%         3    ##.....
 Force Lance              Conj/Tloc      ###.....     28%         4    ####...
 Fulminant Prism          Conj/Hex       ###.......   28%         4    ####...


Dungeon Overview and Level Annotations

Branches:
Dungeon (3/15)

Altars:
Ru
Uskayaw
Vehumet

Annotations:
D:3 Crazy Yiuf


Innate Abilities, Weirdness & Mutations

Your experience applies equally to all skills.
You have very sharp teeth.
Your uncanny sense of smell can sniff out nearby items.


Message History

You hit Crazy Yiuf but do no damage.
Crazy Yiuf is heavily wounded.
Crazy Yiuf hits you with a quarterstaff of chaos!
You hit Crazy Yiuf but do no damage.
Crazy Yiuf is heavily wounded.
You bump into the stone wall.
You feel less confused.
Crazy Yiuf waves his quarterstaff at you.
Crazy Yiuf closely misses you.
You completely miss Crazy Yiuf.
Crazy Yiuf is heavily wounded.
Crazy Yiuf barely misses you.
You hit Crazy Yiuf but do no damage.
Crazy Yiuf is heavily wounded.
Crazy Yiuf closely misses you.
You hit Crazy Yiuf. Your bite misses Crazy Yiuf.
Crazy Yiuf is severely wounded.
Crazy Yiuf hits you with a quarterstaff of chaos.
You are electrocuted!
You die...

#####
#@.)#
#.g.#
#...#
##'##
♣♣.♣
♣.♣♣
♣♣.♣
♣.♣♣
###
♣♣.♣♣


You could see Crazy Yiuf.

Vanquished Creatures
  An ogre (D:2)
  A gnoll (D:1)
  4 adders
  A worm (D:2)
  3 dart slugs
  2 leopard geckos (D:3)
  4 giant cockroaches
  6 goblins
  8 hobgoblins
  5 jackals
  2 quokkas (D:2)
  7 bats
  4 frilled lizards
  6 kobolds
  8 rats
62 creatures vanquished.

Notes
Turn   | Place    | Note
-------+----------+-------------------------------------------
     0 | D:1      | JedernureinKreuz the Gnoll Conjurer began the quest for the
                  | Orb.
     0 | D:1      | Reached XP level 1. HP: 13/13 MP: 6/6
    74 | D:1      | Reached XP level 2. HP: 16/20 MP: 1/7
   177 | D:1      | Reached XP level 3. HP: 18/25 MP: 9/9
   196 | D:1      | Reached skill level 5 in Spellcasting
   638 | D:2      | Found a hide-covered altar of Uskayaw.
   647 | D:2      | Noticed an ogre
   655 | D:2      | Killed an ogre
   655 | D:2      | Reached skill level 1 in Fighting
   655 | D:2      | Reached skill level 1 in Short Blades
   655 | D:2      | Reached skill level 1 in Long Blades
   655 | D:2      | Reached skill level 1 in Axes
   655 | D:2      | Reached skill level 1 in Maces & Flails
   655 | D:2      | Reached skill level 1 in Polearms
   655 | D:2      | Reached skill level 1 in Staves
   655 | D:2      | Reached skill level 1 in Slings
   655 | D:2      | Reached skill level 1 in Bows
   655 | D:2      | Reached skill level 1 in Crossbows
   655 | D:2      | Reached skill level 1 in Throwing
   655 | D:2      | Reached skill level 1 in Armour
   655 | D:2      | Reached skill level 1 in Shields
   655 | D:2      | Reached skill level 1 in Unarmed Combat
   655 | D:2      | Reached skill level 1 in Hexes
   655 | D:2      | Reached skill level 1 in Charms
   655 | D:2      | Reached skill level 1 in Summonings
   655 | D:2      | Reached skill level 1 in Necromancy
   655 | D:2      | Reached skill level 1 in Translocations
   655 | D:2      | Reached skill level 1 in Transmutations
   655 | D:2      | Reached skill level 1 in Fire Magic
   655 | D:2      | Reached skill level 1 in Ice Magic
   655 | D:2      | Reached skill level 1 in Air Magic
   655 | D:2      | Reached skill level 1 in Earth Magic
   655 | D:2      | Reached skill level 1 in Poison Magic
   655 | D:2      | Reached skill level 1 in Invocations
   655 | D:2      | Reached skill level 1 in Evocations
   655 | D:2      | Reached XP level 4. HP: 32/32 MP: 2/11
   655 | D:2      | Reached XP level 5. HP: 37/37 MP: 2/12
  1341 | D:2      | Found a sacrificial altar of Ru.
  1451 | D:3      | Learned a level 3 spell: Confuse
  1456 | D:3      | Learned a level 4 spell: Iskenderun's Mystic Blast
  1548 | D:3      | Found a radiant altar of Vehumet.
  1561 | D:3      | Found a runed door.
  1936 | D:3      | Noticed Crazy Yiuf
  1956 | D:3      | Slain by Crazy Yiuf

Skill      XL: |  1  2  3 |
---------------+----------+-----
Spellcasting   | 5 |  5.2
Fighting       | 1 |  1.6
Short Blades   | 1 |  1.6
Long Blades    | 1 |  1.6
Axes           | 1 |  1.6
Maces & Flails | 1 |  1.6
Polearms       | 1 |  1.6
Staves         | 1 |  1.6
Slings         | 1 |  1.6
Bows           | 1 |  1.6
Crossbows      | 1 |  1.6
Throwing       | 1 |  1.6
Armour         | 1 |  1.6
Shields        | 1 |  1.6
Unarmed Combat | 1 |  1.6
Hexes          | 1 |  1.2
Charms         | 1 |  1.2
Summonings     | 1 |  1.2
Necromancy     | 1 |  1.2
Translocations | 1 |  1.2
Transmutations | 1 |  1.2
Fire Magic     | 1 |  1.2
Ice Magic      | 1 |  1.2
Air Magic      | 1 |  1.2
Earth Magic    | 1 |  1.2
Poison Magic   | 1 |  1.2
Invocations    | 1 |  1.8
Evocations     | 1 |  1.6
Dodging        | |  4.8
Stealth        | |  4.4
Conjurations   | |  7.2

Action                   |  1- 3 |  4- 6 || total
-------------------------+-------+-------++-------
Melee: Spear             |    39 |    37 ||    76
       Bite              |     1 |     2 ||     3
 Cast: Magic Dart        |    27 |    71 ||    98
       Confuse           |       |     1 ||     1
       Iskenderun's Myst |       |     1 ||     1
 Stab: Sleeping          |     4 |     3 ||     7
       Confused          |       |     2 ||     2
  Eat: Chunk             |       |     3 ||     3
Armor: Robe              |     5 |       ||     5
       Leather armour    |       |     6 ||     6
Dodge: Dodged            |    39 |    30 ||    69
